 Dungeon Crawl Stone Soup version 0.32-a0-871-ge202e49faa (webtiles) character file.

Game seed: 14284085203419086655

62535 Griffin23 the Fencer (level 14, 0/114 (119) HPs)
             Began as a Minotaur Fighter on Mar 29, 2024.
             Was an Initiate of Gozag.
             Collided with some deep water (3 damage)
             ... after being knocked back by a wretched star
             ... on level 1 of the Abyss.
             The game lasted 01:06:54 (24910 turns).

Griffin23 the Fencer (Minotaur Fighter)            Turns: 24910, Time: 01:07:08

HP:   0/114 (119)   AC: 26    Str: 20 (21) XL:     14   Next: 64%
MP:   13/13         EV:  5    Int:  1      God:    Gozag
Gold: 1273          SH: 16    Dex:  7 (9)  Spells: 13/13 levels left

rFire   . . .        V - +2 double sword (holy)
rCold   . . .        N - +0 kite shield
rNeg    . . .        e - +0 plate armour {Will+}
rPois   +            x - +2 hat
rElec   .            D - +2 cloak
rCorr   .            y - +0 pair of gloves
SInv    .            T - +2 pair of boots
Will    ++...        Q - amulet of reflection Stlth
                     h - ring of poison resistance
HPRegen 0.00/turn    v - +4 ring of protection
MPRegen 0.13/turn

%: reflection
@: inhibited regen, lightly drained
A: horns 2, retaliatory headbutt, deterioration 1, frail 1, [clumsy 1],
[deformed body], [dopey 2], [screaming 2], [inhibited regeneration], [weak 2],
[subdued magic 2], [inability to drink after injury 2], [inability to read after
injury 2], [persistent drain]
a: Renounce Religion, Potion Petition, Call Merchant, Bribe Branch


You were on level 1 of the Abyss.
You worshipped Gozag.
Gozag was most pleased with you.
You visited 3 branches of the dungeon, and saw 17 of its levels.
You visited the Abyss 1 time.
You also visited: Bailey.

You collected 6437 gold pieces.
You paid 5164 gold pieces to Gozag.

Inventory:

Hand Weapons
 l - a +2 scimitar of flaming
 V - a +2 double sword of holy wrath (weapon)
Missiles
 a - 4 silver javelins
 C - 11 boomerangs (quivered)
 J - 2 throwing nets
Armour
 e - a +0 plate armour of willpower (worn)
 x - a +2 hat (worn)
 y - a +0 pair of gloves (worn)
 D - a +2 cloak (worn)
 F - a +1 plate armour of cold resistance
 N - a +0 kite shield (worn)
 T - a +2 pair of boots (worn)
Jewellery
 d - an amulet of guardian spirit
 h - a ring of poison resistance (left hand)
 v - a +4 ring of protection (right hand)
 G - a ring of flight
 P - a +6 ring of intelligence
 Q - an amulet of reflection (around neck)
 W - a +5 ring of evasion
 X - an amulet of the acrobat
Wands
 q - a wand of digging (4)
 z - a wand of roots (1)
 E - a wand of mindburst (31)
 U - a wand of charming (17)
Scrolls
 b - 3 scrolls of torment {unknown}
 c - a scroll of silence {unknown}
 f - 4 scrolls of vulnerability
 i - 3 scrolls of poison
 j - 6 scrolls of fog
 k - a scroll of butterflies {unknown}
 m - 2 scrolls of brand weapon
 n - 4 scrolls of enchant armour
 o - 5 scrolls of noise
 t - 3 scrolls of immolation {unknown}
 u - 2 scrolls of revelation {unknown}
 I - a scroll of fear {unknown}
 M - 2 scrolls of amnesia {unknown}
 Z - a scroll of enchant weapon {unknown}
Potions
 g - 4 potions of mutation
 p - a potion of lignification {unknown}
 r - 2 potions of haste
 s - a potion of magic {unknown}
 w - 4 potions of invisibility
 A - 4 potions of curing
 H - 5 potions of ambrosia
 K - a potion of enlightenment {unknown}
 O - a potion of cancellation {unknown}
 R - a potion of heal wounds
 S - a potion of attraction {unknown}
Miscellaneous
 B - a Gell's gravitambourine (inert)
 Y - a lightning rod (2/4)


   Skills:
 + Level 14.9 Fighting
 - Level 18.8 Long Blades
 + Level 14.8 Armour
 + Level 14.8 Shields


You had 13 spell levels left.
You didn't know any spells.
Your spell library contained the following spells:

 Spells                   Type           Power      Damage    Failure   Level
 Sting                    Conj/Alch      0%         1d3       100%        1
 Mercury Vapours          Alch/Air       0%         N/A       100%        2
 Passwall                 Erth           0%         N/A       100%        3
 Volatile Blastmotes      Fire/Tloc      0%         2d10      100%        3
 Maxwell's Portable Pile  Tloc           0%         2d(5-10)  100%        4
 Olgreb's Toxic Radiance  Alch           0%         N/A       100%        4
 Vhi's Electric Charge    Tloc/Air       0%         N/A       100%        4
 Arcjolt                  Conj/Air       0%         1d10      100%        5
 Bombard                  Conj/Erth      0%         9d1       100%        6
 Maxwell's Capacitive Co  Air            0%         ∞         100%        8


Dungeon Overview and Level Annotations

Branches:
Dungeon (10/15)            Temple (0/1) D:5            Lair (5/5) D:8
  Swamp (0/4) Lair:2        Snake (0/4) Lair:2        Slime (0/5) Lair:5
    Orc (2/2) D:9          Bailey (visited)
    Elf: Orc:2

Altars:
Ashenzari
Cheibriados
Dithmenos
Elyvilon
Gozag
Kikubaaqudgha
Makhleb
Nemelex Xobeh
Okawaru
Ru
Vehumet
Xom
Yredelemnul
The Shining One
Jiyva

Shops:
D:5 [   Orc:1 *

Portals:
Abyss: D:7

Annotations:
D:5 2 runed translucent doors
D:7 2 transporters, xianbchi's ghost, novice GrBe
D:8 2 transporters, mitch45678's ghost, novice MDAl
Lair:5 1 runed translucent door
Orc:2 Erolcha


Innate Abilities, Weirdness & Mutations

You have a pair of horns on your head.
You reflexively headbutt those who attack you in melee.
Your body sometimes deteriorates upon taking damage.
You are frail. (-10% HP)
[You are clumsy. (Dex -2)]
[Armour fits poorly on your strangely shaped body.]
[You are very dopey. (Int -4)]
[You frequently scream uncontrollably at your foes.]
[You do not regenerate when monsters are visible.]
[You are very weak. (Str -4)]
[Your spells are easier to cast, but less powerful.]
[You sometimes lose the ability to drink potions when taking damage.]
[You sometimes lose the ability to read scrolls when taking damage.]
[Your health recovers twice as slowly from being drained.]


Message History

Aiming: Fastroot
Press: ? - help, Shift-Dir - straight line, f - wretched star
Aim: a wretched star (immune to roots)
Okay, then.
Aiming: Dig
Press: ? - help, Shift-Dir - straight line A rock wall.
The rock shatters into small pieces.
The wretched star pulses with an eldritch light!
You occasionally lose the ability to drink potions when taking damage.
You lose the ability to drink potions when taking damage more often.
Aiming: Thunderbolt
Press: ? - help, Shift-Dir - straight line, f - wretched star
Aim: a wretched star The thunderbolt hits the large abomination!
The large abomination is lightly damaged.
The thunderbolt hits the wretched star.
The wretched star resists.
The wretched star is lightly damaged.
You hear a bellow!
A ynoxinul comes into view.
The wretched star glows turbulently.
The lance of force hits you!!
* * * LOW HITPOINT WARNING * * *
Your body deteriorates!
You feel weakened.
You are knocked back by the lance of force.
The wretched star pulses with an eldritch light!
Your regeneration stops near monsters.
You feel much better.
Found a corrupted altar of Lugonu.
The wretched star pulses with an eldritch light!
You feel weaker. x2
You enter the shallow water.
Moving in this stuff is going to be slow.
The wretched star glows turbulently.
The lance of force hits you!!
* * * LOW HITPOINT WARNING * * *
You are knocked back by the lance of force.
You violently stop moving.
You die...
Your body crumbles into a pile of gold.

#.... #..##.#.# ..
###........###
...~#..##.## ....#
....~~≈.##..##....#
#...~~~≈*~~#§...#.#
...#~~~~~~~≈~~#~.#
#....##..~~~~~~~≈≈#
#.... ##..##@≈~♣≈~~
#... ...##...#..#
...##.. #.... ..#
##. #..... #.# ..
#.....# # ....#..
#..#..#.# #..... ..


You could see a wretched star.

Vanquished Creatures
  A bunyip (Abyss:1)
  2 hydras (Lair:5)
  A two-headed ogre (D:9)
  3 catoblepae (Lair:5)
  Erica (Lair:1)
  3 death yaks (Lair:5)
  Urug (D:10)
  A thrashing horror (Abyss:1)
  Sonja (D:10)
  A skyshark (Lair:5)
  3 wretched stars (Abyss:1)
  A sixfirhy (Abyss:1)
  A bog body (Lair:2)
  A lindwurm (Lair:5)
  Pikel (D:6)
  6 starcursed masses (Abyss:1)
  An orc knight (Bailey)
  A fenstrider witch simulacrum (Abyss:1)
  A cyclops (Orc:1)
  2 manticores (Lair:5)
  3 meliai (Lair:3)
  17 elephants
  A smoke demon (Abyss:1)
  4 black mambas
  A torpor snail (Lair:5)
  An unseen horror (D:5)
  17 cane toads
  A gargoyle (D:10)
  A large abomination (Abyss:1)
  3 ancient zymes (Abyss:1)
  A rime drake (Lair:5)
  8 komodo dragons
  An efreet (Abyss:1)
  A harpy zombie (Abyss:1)
  3 trolls
  An ice devil (Abyss:1)
  A queen bee (Lair:3)
  2 polar bears
  A hornet (D:9)
  2 dream sheep (Lair:5)
  6 raiju (Abyss:1)
  23 blink frogs
  2 shadows
  3 small abominations (Abyss:1)
  A ynoxinul (Abyss:1)
  Sigmund (D:5)
  5 wyverns
  A wraith (D:10)
  9 basilisks
  57 yaks
  2 neqoxecs (Abyss:1)
  Grum (Lair:1)
  Eustachio (D:5)
  4 steam dragons
  A chaos spawn (Abyss:1)
  3 nagas (Lair:2)
  9 water moccasins
  A sky beast (D:6)
  A black bear (D:7)
  5 ogres
  28 orc warriors
  5 laughing skulls (Abyss:1)
  17 wolves
  2 phantoms
  8 bullfrogs
  A gnoll sergeant (D:8)
  A scorpion (D:4)
  17 wights
  16 killer bees
  7 howler monkeys
  4 electric eels (Lair:2)
  A bombardier beetle (D:5)
  A jelly (D:4)
  An iron imp (Abyss:1)
  8 orc priests
  Crazy Yiuf (D:5)
  A gnoll bouda (D:4)
  3 hounds
  6 iguanas
  A sleepcap (D:5)
  22 orc wizards
  2 hell rats (D:8)
  Robin (D:3)
  15 adders
  12 gnolls
  2 shadow imps
  4 ufetubi (D:7)
  4 ribbon worms
  72 orcs
  7 endoplasms
  4 giant cockroaches
  4 hobgoblins
  9 kobolds
  3 quokkas
  16 ball pythons
  4 bats
  4 frilled lizards
  17 goblins
  2 rats
572 creatures vanquished.

Vanquished Creatures (others)
  A lurking horror (Abyss:1)
1 creature vanquished.

Grand Total: 573 creatures vanquished

Notes
Turn   | Place    | Note
-------+----------+-------------------------------------------
     0 | D:1      | Griffin23 the Minotaur Fighter began the quest for the Orb.
     0 | D:1      | Reached XP level 1. HP: 19/19 MP: 0/0
   134 | D:1      | Reached XP level 2. HP: 27/27 MP: 1/1
   780 | D:2      | Found a sacrificial altar of Ru.
   803 | D:2      | Reached skill level 3 in Long Blades
   803 | D:2      | Reached XP level 3. HP: 29/33 MP: 2/2
  1732 | D:2      | Reached XP level 4. HP: 35/41 MP: 3/3
  1939 | D:3      | Reached skill level 4 in Long Blades
  2108 | D:3      | Noticed Robin
  2117 | D:3      | Killed Robin
  2118 | D:3      | Reached XP level 5. HP: 36/47 MP: 4/4
  2654 | D:3      | Found a faded altar of an unknown god.
  2654 | D:3      | Found a snail-covered altar of Cheibriados.
  2670 | D:3      | Found an opulent altar of Gozag.
  2675 | D:3      | Found a sparkling altar of Nemelex Xobeh.
  2677 | D:3      | Found a faded altar of an unknown god.
  2726 | D:3      | Became a worshipper of Gozag Ym Sagoz the Greedy
  3068 | D:4      | Identified the +6 rapier of Vixolo {flame, ^Drain ^Fragile
                  | rElec Str+3}
  3133 | D:4      | Reached skill level 5 in Fighting
  3133 | D:4      | Reached skill level 5 in Long Blades
  3133 | D:4      | Reached XP level 6. HP: 48/56 MP: 5/5
  3340 | D:4      | Reached skill level 5 in Shields
  3343 | D:4      | Reached skill level 5 in Armour
  4141 | D:5      | Entered Level 5 of the Dungeon
  4141 | D:5      | Noticed Sigmund
  4402 | D:5      | Found a large runed translucent door.
  4402 | D:5      | Found a large runed translucent door.
  4402 | D:5      | Noticed an orc warrior
  4407 | D:5      | Found a large runed translucent door.
  4407 | D:5      | Found a large runed translucent door.
  4436 | D:5      | Killed Sigmund
  4437 | D:5      | Reached skill level 6 in Long Blades
  4437 | D:5      | Reached XP level 7. HP: 55/61 MP: 6/6
  4807 | D:5      | Found a staircase to the Ecumenical Temple.
  4924 | D:5      | Noticed Eustachio
  4951 | D:5      | Killed Eustachio
  4952 | D:5      | Reached skill level 7 in Long Blades
  5060 | D:5      | Reached XP level 8. HP: 62/70 MP: 5/7
  5061 | D:5      | Noticed a troll
  5073 | D:5      | Killed a troll
  5296 | D:5      | Reached skill level 8 in Long Blades
  5299 | D:5      | Found a basalt altar of Yredelemnul.
  5389 | D:5      | Found a runed translucent door.
  5390 | D:5      | Noticed Crazy Yiuf
  7173 | D:5      | Killed Crazy Yiuf
  7536 | D:6      | Noticed Pikel
  7549 | D:6      | Killed Pikel
  7550 | D:6      | Reached skill level 9 in Long Blades
  7550 | D:6      | Reached XP level 9. HP: 79/79 MP: 5/8
  7581 | D:6      | Found a white marble altar of Elyvilon.
  8410 | D:7      | Reached skill level 10 in Long Blades
  8415 | D:7      | Found a flagged portal.
  8472 | Bailey   | Entered a bailey
  9046 | Bailey   | Noticed an orc knight
  9054 | Bailey   | Killed an orc knight
  9055 | Bailey   | Reached skill level 11 in Long Blades
  9055 | Bailey   | Reached XP level 10. HP: 52/90 MP: 4/9
  9306 | Bailey   | Acquired 932 gold pieces
  9805 | D:7      | Noticed a brown ugly thing
  9810 | D:7      | Noticed xianbchi's ghost (novice GrBe)
  9818 | D:7      | Found a one-way gate to the infinite horrors of the Abyss.
 10132 | D:7      | Found a transporter.
 10133 | D:7      | Found a transporter.
 10206 | D:7      | Found a burning altar of Makhleb.
 10582 | D:8      | Found a radiant altar of Vehumet.
 10713 | D:8      | Found a transporter.
 10910 | D:8      | Found a transporter.
 10926 | D:8      | Noticed mitch45678's ghost (novice MDAl)
 11118 | D:8      | Reached skill level 12 in Long Blades
 11124 | D:8      | Found a staircase to the Lair.
 11356 | D:8      | Found a broken altar of Ashenzari.
 11900 | D:9      | Noticed a two-headed ogre
 11911 | D:9      | Killed a two-headed ogre
 12087 | D:9      | Found an ancient bone altar of Kikubaaqudgha.
 12329 | D:9      | Found a staircase to the Orcish Mines.
 12417 | D:9      | Reached XP level 11. HP: 89/99 MP: 8/10
 12518 | D:9      | Reached skill level 13 in Long Blades
 12523 | D:9      | Reached skill level 10 in Fighting
 12526 | D:9      | Reached skill level 10 in Armour
 12526 | D:9      | Reached skill level 10 in Shields
 12689 | D:9      | Found a shadowy altar of Dithmenos.
 12752 | D:9      | Found a glowing golden altar of the Shining One.
 12896 | D:10     | Entered Level 10 of the Dungeon
 13119 | D:10     | Noticed Sonja
 13133 | D:10     | Killed Sonja
 13205 | D:10     | Identified the maw talisman of the Endless Expanse {rN+}
 13448 | D:10     | Noticed Urug
 13462 | D:10     | Killed Urug
 13463 | D:10     | Reached skill level 14 in Long Blades
 13566 | D:10     | Found an iron altar of Okawaru.
 13656 | Lair:1   | Entered Level 1 of the Lair of Beasts
 14489 | Lair:1   | Noticed Grum
 14500 | Lair:1   | Killed Grum
 14972 | Lair:1   | Noticed Erica
 14984 | Lair:1   | Killed Erica
 14985 | Lair:1   | Reached XP level 12. HP: 90/110 MP: 11/11
 15132 | Lair:1   | Reached skill level 15 in Long Blades
 16105 | Lair:2   | Identified the +1 leather armour "Dusauts" {rC+ Slay+2}
 16346 | Lair:2   | Reached skill level 16 in Long Blades
 16585 | Lair:2   | Found a staircase to the Snake Pit.
 17096 | Lair:2   | Found a staircase to the Swamp.
 17888 | Lair:3   | Reached XP level 13. HP: 119/119 MP: 12/12
 18928 | Lair:4   | Reached skill level 17 in Long Blades
 19091 | Lair:4   | Identified the +6 scale mail of Onaxt {rPois Dex+4}
 20202 | Lair:5   | Entered Level 5 of the Lair of Beasts
 20217 | Lair:5   | Found a runed translucent door.
 20219 | Lair:5   | Found a viscous altar of Jiyva.
 20869 | Lair:5   | Found a shimmering altar of Xom.
 20906 | Lair:5   | Reached skill level 18 in Long Blades
 21490 | Lair:5   | Reached XP level 14. HP: 111/130 MP: 13/13
 22066 | Lair:5   | Noticed an azure jelly
 22067 | Lair:5   | Noticed an azure jelly
 22067 | Lair:5   | Noticed an azure jelly
 22068 | Lair:5   | Found a staircase to the Slime Pits.
 22672 | Lair:5   | Identified the staff "Fuvouwn" {rF+ Will+ Int-5 SInv Fire}
 23027 | Orc:1    | Entered Level 1 of the Orcish Mines
 23130 | Orc:1    | Found Yphufitt's Mayhem Merchandise.
 23582 | Orc:2    | Entered Level 2 of the Orcish Mines
 23764 | Orc:2    | Noticed Erolcha
 23813 | Abyss:1  | Found a corrupted altar of Lugonu.
 23813 | Abyss:1  | Cast into level 1 of the Abyss (Erolcha)
 23887 | Abyss:1  | Noticed a tentacled starspawn
 23986 | Abyss:1  | Found a corrupted altar of Lugonu.
 24000 | Abyss:1  | Gained mutation: You are frail. (-10% HP) [a neqoxec]
 24066 | Abyss:1  | Noticed a bone dragon
 24191 | Abyss:1  | Noticed a white very ugly thing
 24211 | Abyss:1  | Noticed a cacodemon
 24222 | Abyss:1  | Found a corrupted altar of Lugonu.
 24345 | Abyss:1  | Noticed a white very ugly thing
 24425 | Abyss:1  | Gained mutation: Your body sometimes deteriorates upon
                  | taking damage. [a neqoxec]
 24899 | Abyss:1  | Found a corrupted altar of Lugonu.
 24910 | Abyss:1  | HP: 3/114 [wretched star/lance of force (30)]
 24910 | Abyss:1  | Collided with some deep water

Illustrated notes

Levels and vault maps discovered:
D:1:      lightli_iron_boxes, layout_loops_ring, serial_park_tiny_2,
          moated_statue
D:2:      layout_loops_corners, basic_altar, hangedman_decor_push,
          chequers_serial_rivers_large_b, minmay_misc_feat_more_columns,
          roderic_roman_lattice, serial_park_tiny_pond, minmay_snake_closets
D:3:      layout_loops_ring, chequers_temple_overflow_minitemple,
          kennysheep_generic_room_16, uniq_robin
D:4:      layout_loops_corners
D:5:      layout_basic, marbit_many_paths, minmay_temple_entry_nine_rooms,
          minmay_hollow_rounded_squares, uniq_eustachio,
          uniq_crazy_yiuf_cottage, uniq_sigmund
D:6:      layout_cave_pods, elyvilon_altar_3, uniq_pikel
D:7:      layout_loops_ring, lightli_temple_of_fire,
          gammafunk_ghost_abyssal_escape, enter_bailey_5
D:8:      layout_loops_ring, cheibrodos_ashenzari_chains, fiery_altar_vehumet,
          dpeg_lair_monsters, gammafunk_ghost_stat_death, minivault_25,
          chequers_avenue
D:9:      layout_gridville, mainiacjoe_overflow_brackets,
          mainiacjoe_overflow_paths, lemuel_coloured_pillars_altar, david_orc_4
D:10:     layout_roguey, mainiacjoe_overflow_alcove_4, grunt_ministairs_1,
          uniq_urug, uniq_sonja
Lair:1:   layout_cave_pods, grunt_megastairs_5, lemuel_fruit_tree, uniq_erica,
          uniq_grum
Lair:2:   layout_loops_ring, nicolae_swamp_entry_splash_gauntlet,
          nicolae_snake_entry_squirm, serial_bayou_shore_a, grunt_megastairs_3
Lair:3:   layout_loops_ring
Lair:4:   layout_hall_layers, special_room [special_room_bee]
Lair:5:   hangedman_lair_in_review, layout_big_grid, slime_entry_2, basic_altar
Orc:1:    layout_caves, minmay_shop_mayhem
Orc:2:    pf_orc_diabolical, layout_caves, basic_altar, uniq_erolcha
Abyss:1:  base: D:3, evilmike_abyss_exit_10, hangedman_abyss_mock_shop

Skill      XL: |  1  2  3  4  5  6  7  8  9 10 11 12 13 14 |
---------------+-------------------------------------------+-----
Fighting       | 4 5 6 7 8 9 11 12 13 14 | 14.9
Shields        | 4 5 6 7 8 9 11 12 13 14 | 14.8
Long Blades    | 3 4 5 6 7 9 11 12 14 16 18 | 18.8
Armour         | 4 5 6 7 8 9 11 12 13 14 | 14.8

Action                     |  1- 3 |  4- 6 |  7- 9 | 10-12 | 13-15 || total
---------------------------+-------+-------+-------+-------+-------++-------
  Melee: Long sword        |   103 |   218 |   284 |   186 |       ||   791
         Headbutt          |    14 |    32 |    54 |   168 |   219 ||   487
         Unarmed           |       |       |    16 |       |       ||    16
         Scimitar          |       |       |       |   190 |    81 ||   271
         Double sword      |       |       |       |   432 |   771 ||  1203
  Throw: Boomerang         |       |       |     4 |       |     3 ||     7
 Invoke: Potion Petition   |       |       |     1 |     1 |    11 ||    13
         Call Merchant     |       |       |       |     1 |       ||     1
  Evoke: Wand              |       |       |     4 |     6 |    14 ||    24
         Gell's gravitambo |       |       |       |     2 |     2 ||     4
         Lightning rod     |       |       |       |       |     3 ||     3
    Use: Potion            |       |     2 |       |     2 |     6 ||    10
         Scroll            |       |     6 |     1 |     4 |     8 ||    19
   Stab: Distracted        |       |       |     1 |     3 |     3 ||     7
         Petrified         |       |       |       |       |    11 ||    11
         Invisible         |       |       |       |       |     4 ||     4
         Petrifying        |       |       |       |       |     1 ||     1
 Armour: Scale mail        |    73 |   150 |       |       |       ||   223
         Chain mail        |       |     6 |   274 |       |       ||   280
         Skin              |       |       |     3 |       |       ||     3
         Plate armour      |       |       |       |   714 |   911 ||  1625
  Dodge: Dodged            |    49 |    86 |   141 |   170 |   191 ||   637
  Block: Buckler           |    18 |    41 |    92 |    32 |       ||   183
         Kite shield       |       |       |       |   309 |   826 ||  1135
         Reflection        |       |       |       |       |    10 ||    10

Table legend: (Time is in decaauts)
 A = Elapsed time spent in this place.
 B = Non-inter-level travel time spent in this place.
 C = Inter-level travel time spent in this place.
 D = Time resting spent in this place.
 E = Time spent auto-exploring this place.
 F = Levels seen in this place.
 G = Mean time per level.
                   A        B        C        D        E       F      G
               +--------+--------+--------+--------+--------+-----+--------+
         Total |  24730 |  22563 |   2167 |   3858 |  13446 |  19 | 1301.6 |
       Dungeon |  13548 |  12397 |   1151 |   2247 |   7627 |  10 | 1354.8 |
          Lair |   8578 |   7563 |   1015 |   1105 |   4860 |   5 | 1715.6 |
  Orcish Mines |    692 |    692 |      0 |    100 |    354 |   2 |  346.0 |
         Abyss |   1018 |   1018 |      0 |    406 |      1 |   1 | 1018.0 |
        Bailey |    891 |    891 |      0 |      0 |    604 |   1 |  891.0 |
               +--------+--------+--------+--------+--------+-----+--------+

Top non-repeatable levels by time:
     D:5: 3057 daAuts
  Lair:2: 2032 daAuts
  Lair:5: 2015 daAuts
  Lair:4: 1572 daAuts
     D:8: 1543 daAuts
  Lair:1: 1485 daAuts
  Lair:3: 1473 daAuts
     D:6: 1334 daAuts
     D:3: 1316 daAuts
     D:2: 1312 daAuts
     D:7: 1283 daAuts
     D:4: 1266 daAuts
     D:9: 1115 daAuts
 Abyss:1: 1018 daAuts
  Bailey: 891 daAuts
